 Dungeon Crawl Stone Soup version 0.31-a0-876-gfe8ebadbca (webtiles) character file.

Game seed: 7761074765051911350

1137 MackTheKnife the Cleaver (level 8, -6/67 HPs)
             Began as a Purple Draconian Fighter on Oct 13, 2023.
             Mangled by Edmund
             ... wielding a +0 dire flail of protection
              (10 damage)
             ... on level 6 of the Dungeon.
             The game lasted 00:05:54 (5183 turns).

MackTheKnife the Cleaver (Purple Draconian Fighter) Turns: 5183, Time: 00:05:55

Health: -6/67      AC:  7    Str: 19    XL:     8   Next: 14%
Magic:  0/8        EV: 12    Int:  8    God:
Gold:   165        SH:  4    Dex: 13    Spells: 7/7 levels left

rFire   + . .        a - +0 war axe {axe}
rCold   + . .        b - +0 buckler
rNeg    . . .        (body armour unavailable)
rPois   +            (helmet restricted)
rElec   +            (no cloak)
rCorr   +            (no gloves)
SInv    .            l - +0 pair of boots
Will    +....        m - amulet of guardian spirit
Stlth   +            (no ring)
HPRegen 0.31/turn    (no ring)
MPRegen 0.11/turn

%: guardian spirit
@: short of breath, resistant
A: breathe power, AC +6, unfitting armour, cold-blooded
a: Breathe Dispelling Energy


You were on level 6 of the Dungeon.
You visited 1 branch of the dungeon, and saw 6 of its levels.
You also visited: Sewer.

You collected 165 gold pieces.


Innate Abilities, Weirdness & Mutations

You can breathe bolts of dispelling energy.
Your rich purple scales are hard. (AC +6)
You cannot fit into any form of body armour.
You are cold-blooded and may be slowed by cold attacks.


   Skills:
 + Level 4.9 Fighting
 + Level 9.3 Axes
 - Level 2.6 Dodging
 - Level 3.0 Shields


You had 7 spell levels left.
You didn't know any spells.
Your spell library contained the following spells:

 Spells                   Type           Power      Damage    Failure   Level
 Shock                    Conj/Air       0%         1d3       50%         1
 Wereblood                Tmut           0%         N/A       63%         2
 Gell's Gravitas          Tloc           0%         N/A       86%         3
 Stone Arrow              Conj/Erth      0%         3d7       86%         3
 Teleport Other           Tloc           0%         N/A       86%         3
 Vhi's Electric Charge    Tloc/Air       0%         N/A       99%         4
 Arcjolt                  Conj/Air       0%         1d10      100%        5
 Irradiate                Conj/Tmut      0%         3d11      100%        5
 Bombard                  Conj/Erth      0%         9d1       100%        6
 Dispersal                Tloc           0%         N/A       100%        6
 Plasma Beam              Fire/Air       0%         2x1d10    100%        6

Inventory:

Hand Weapons
 a - a +0 war axe (weapon) {axe}
 x - a +2 flail of holy wrath {mace}
   (You took it off an orc on level 4 of the Dungeon)
Armour
 b - a +0 buckler (worn)
 l - a +0 pair of boots (worn)
   (You found it on level 1 of the Dungeon)
Jewellery
 m - an amulet of guardian spirit (around neck)
   (You found it on level 1 of the Dungeon)
Wands
 r - a wand of digging (3)
   (You found it on level 4 of the Dungeon)
 y - a wand of flame (14)
   (You found it on level 5 of the Dungeon)
Scrolls
 c - a scroll of identify {unknown}
 d - a scroll of immolation {unknown}
 e - a scroll of poison {!r}
 f - a scroll of enchant armour {unknown}
 g - 2 scrolls of vulnerability {unknown}
 j - 5 scrolls of teleportation {@r4}
 n - 4 scrolls of blinking {!r}
 p - a scroll of fog {unknown}
 s - a scroll of torment {unknown}
 t - 2 scrolls of fear {unknown}
 w - a scroll of noise {unknown}
 z - a scroll of revelation {unknown}
 A - a scroll of silence {unknown}
Potions
 h - 5 potions of curing {@q1}
 i - a potion of degeneration {unknown}
 k - 2 potions of heal wounds {unknown}
 o - a potion of enlightenment {unknown}
 q - a potion of resistance
 u - a potion of invisibility {unknown}
 v - 2 potions of attraction {unknown}

Dungeon Overview and Level Annotations

Branches:
Dungeon (6/15) Zot: 26670   Sewer (visited)
 Temple: D:4-7

Altars:
Elyvilon
Hepliaklqana
Ru
Yredelemnul

Annotations:
D:6 Edmund

## ## # #. .####.
#$#....@ ...#.##
#########.#...#.#
#..@@.....<.....#
#.#########...#..
#.# .##
#####.#### #
#........#
#.###.##.# ##+##
#.##.# ##...##
#.##.# ##.....##
#..#.#
##.......##


You could see Edmund.


Message History

Unknown command.
Unknown command.
Okay, then.
It was a potion of curing.
You feel better. You block Edmund's attack. 😨 HP[+10]
You regained 10 hp, and now have 30/67 hp.
Okay, then.
You barely miss Edmund. You tail-slap Edmund, but do no damage.
You have got your breath back.
Edmund hits you with a +0 dire flail of protection.
* * * LOW HITPOINT WARNING * * *
😨 HP[-3] MP[-1]
You take 3 damage, and now have 27/67 hp.
You lost 1 mp, and now have 2/8 mp.
You barely miss Edmund.
Edmund hits you with a +0 dire flail of protection.
* * * LOW HITPOINT WARNING * * *
😨 HP[-6]
You take 6 damage, and now have 21/67 hp.
You slash Edmund! You tail-slap Edmund, but do no damage.
Edmund hits you with a +0 dire flail of protection!
* * * LOW HITPOINT WARNING * * *
😱 HP[-7]
You take 7 damage, and now have 14/67 hp.
Unknown command.
Aiming: Breathe Dispelling Energy (4% risk of failure)
Press: ? - help, Shift-Dir - straight line, f/p - Edmund
Aim: Edmund, wielding a +0 dire flail of protection and wearing a +0 scale mail (severely wounded, 59% to hit)
You breathe a bolt of dispelling energy.
The bolt of dispelling energy misses Edmund.
Edmund hits you but does no damage. 😱 MP[+1] Unknown command.
Aiming: Throw Flame
Press: ? - help, Shift-Dir - straight line, f/p - Edmund
Aim: Edmund, wielding a +0 dire flail of protection and wearing a +0 scale mail (severely wounded, 72% to hit)
Okay, then.
Unknown command.
You completely miss Edmund.
You block Edmund's attack. 😱 HP[+1] Unknown command. 😱 HP[+1] Edmund attacks as he pursues you!
You block Edmund's attack. 😨 HP[+1] 😨 MP[+1] 😨 HP[+1] Edmund attacks as he pursues you!
Edmund hits you with a +0 dire flail of protection!
* * * LOW HITPOINT WARNING * * *
😱 HP[-6] MP[-1]
You take 6 damage, and now have 12/67 hp.
You lost 1 mp, and now have 3/8 mp.
Unknown command.
Edmund attacks as he pursues you!
Edmund hits you with a +0 dire flail of protection.
* * * LOW HITPOINT WARNING * * *
😱 HP[-3]
You take 3 damage, and now have 9/67 hp.
Unknown command. 😱 HP[+1] 😱 HP[+1] Edmund attacks as he pursues you!
Edmund closely misses you. 😱 MP[+1] Edmund grinds his teeth, and then sighs. 😱 HP[+1] Edmund attacks as he pursues you!
Edmund barely misses you. Edmund attacks as he pursues you!
Edmund hits you but does no damage.
You have got your breath back.
Edmund says, "Everyone always remembers my brother. 'Who's Edmund?' they ask!"
Edmund attacks as he pursues you! You block Edmund's attack. 😱 HP[+1]
Aiming: Breathe Dispelling Energy (4% risk of failure)
Press: ? - help, Shift-Dir - straight line, f/p - Edmund
Aim: Edmund, wielding a +0 dire flail of protection and wearing a +0 scale mail (heavily wounded, 59% to hit)
You breathe a bolt of dispelling energy.
The bolt of dispelling energy hits Edmund!
Edmund hits you with a +0 dire flail of protection.
* * * LOW HITPOINT WARNING * * *
😱 HP[-3] MP[-1]
You take 3 damage, and now have 10/67 hp.
You lost 1 mp, and now have 3/8 mp.
Unknown command.
You hit Edmund but do no damage. You tail-slap Edmund, but do no damage.
Edmund hits you but does no damage.
You hit Edmund.
Edmund barely misses you. 😱 HP[+1] MP[+1]
You barely miss Edmund. Edmund closely misses you.
You closely miss Edmund. Edmund barely misses you.
You closely miss Edmund.
Edmund hits you with a +0 dire flail of protection!
* * * LOW HITPOINT WARNING * * *
😱 HP[-7] MP[-3]
You take 7 damage, and now have 4/67 hp.
You lost 3 mp, and now have 1/8 mp.
Unknown command.
It was a potion of resistance.
You feel protected.
Edmund hits you with a +0 dire flail of protection!
You die...
Edmund says, "That'll show my brother!"

Skill      XL: |  1  2  3  4  5  6  7 |
---------------+----------------------+-----
Axes           | 3 4 5 6 8 9 |  9.3
Fighting       | 4 |  4.9
Dodging        | |  2.6
Shields        | |  3.0

Action                     |  1- 3 |  4- 6 |  7- 9 || total
---------------------------+-------+-------+-------++-------
  Melee: War axe           |    86 |   199 |   117 ||   402
         Tailslap          |     6 |    23 |    23 ||    52
Ability: Breathe Dispellin |       |       |     8 ||     8
  Evoke: Wand              |       |     6 |       ||     6
    Use: Potion            |       |     1 |     2 ||     3
         Scroll            |       |     2 |       ||     2
   Stab: Sleeping          |     1 |       |       ||     1
         Distracted        |       |     1 |       ||     1
 Armour: Skin              |    49 |   119 |    80 ||   248
  Dodge: Dodged            |    68 |   123 |    80 ||   271
  Block: Buckler           |    25 |    42 |    25 ||    92

Levels and vault maps discovered:
D:1:      dpeg_arrival_lava_temple_mockup, layout_rooms,
          ebering_ecumenical_altar_mist
D:2:      layout_basic, uniq_terence, uniq_robin
D:3:      layout_basic, cheibrodos_sewer_entry_drain, serial_bayou_pond_d,
          hangedman_decor_riveting
D:4:      nicolae_cairo_tiling_large_dashed, layout_rooms,
          nicolae_ru_path_of_blood, lemuel_crystal_altar,
          mainiacjoe_overflow_alcove_1, small_statue_alley_b, fountainhead
D:5:      layout_cave_pools, kennysheep_mini_moat, hangedman_glass_teeth
D:6:      kennysheep_six_static_rooms, layout_loops_corners,
          kennysheep_slug_shrine, uniq_edmund

Notes
Turn   | Place    | Note
-------+----------+-------------------------------------------
     0 | D:1      | MackTheKnife the Draconian Fighter began the quest for the
                  | Orb.
     0 | D:1      | Reached XP level 1. HP: 19/19 MP: 1/1
     0 | D:1      | magus.rc [v1.9.6]
    60 | D:1      | You pick up a book of Changes and begin reading...
    60 | D:1      | You add the spells Wereblood and Irradiate to your library.
    79 | D:1      | You add the spells Gell's Gravitas, Teleport Other and
                  | Dispersal to your library.
    93 | D:1      | Found a faded altar of an unknown god.
   182 | D:1      | Reached XP level 2. HP: 26/26 MP: 2/2
   226 | D:1      | Reached skill level 3 in Axes
   504 | D:2      | You fall into a shaft and drop 1 floor!
   571 | D:3      | Reached XP level 3. HP: 25/31 MP: 3/3
   639 | D:3      | Found a glowing drain.
   666 | Sewer    | Entered a sewer
   681 | Sewer    | Reached skill level 4 in Axes
   960 | Sewer    | Reached XP level 4. HP: 36/38 MP: 4/4
  1017 | Sewer    | Noticed a bullfrog
  1017 | Sewer    | Noticed a bullfrog
  1026 | Sewer    | Killed a bullfrog
  1027 | Sewer    | Reached skill level 5 in Axes
  1027 | Sewer    | Reached XP level 5. HP: 26/45 MP: 3/5
  1238 | D:2      | Noticed Terence
  1259 | D:2      | Reached skill level 6 in Axes
  1307 | D:2      | Killed Terence
  1376 | D:2      | Noticed Robin
  1389 | D:2      | Killed Robin
  1392 | D:2      | Reached XP level 6. HP: 32/51 MP: 3/6
  2256 | D:3      | You pick up a book of Lightning and begin reading...
  2256 | D:3      | You add the spells Vhi's Electric Charge, Arcjolt and
                  | Plasma Beam to your library.
  3188 | D:4      | Reached skill level 7 in Axes
  3537 | D:4      | Found a hazy altar of Hepliaklqana.
  3559 | D:4      | Found a white marble altar of Elyvilon.
  3563 | D:4      | You add the spells Shock, Stone Arrow and Bombard to your
                  | library.
  3563 | D:4      | Got a peculiar book
  3656 | D:4      | Found a sacrificial altar of Ru.
  3686 | D:5      | Entered Level 5 of the Dungeon
  3722 | D:5      | Noticed an ice beast
  3886 | D:5      | Killed an ice beast
  3887 | D:5      | Reached skill level 8 in Axes
  3887 | D:5      | Your scales start taking on a rich purple colour.
  3887 | D:5      | Reached XP level 7. HP: 57/57 MP: 7/7
  3916 | D:5      | Found a basalt altar of Yredelemnul.
  4532 | D:5      | Reached skill level 4 in Fighting
  4532 | D:5      | Reached skill level 9 in Axes
  4532 | D:5      | HP: 14/59 [poisoned by a water moccasin]
  4873 | D:6      | Reached XP level 8. HP: 49/67 MP: 6/8
  5123 | D:6      | Noticed Edmund
  5150 | D:6      | HP: 14/67 [Edmund/+0 dire flail of protection (8)]
  5164 | D:6      | HP: 12/67 [Edmund/+0 dire flail of protection (6)]
  5177 | D:6      | HP: 10/67 [Edmund/+0 dire flail of protection (3)]
  5182 | D:6      | HP: 4/67 [Edmund/+0 dire flail of protection (8)]
  5183 | D:6      | Mangled by Edmund

Vanquished Creatures
  A water moccasin (D:5)
  An ice beast (D:5)
  An ogre (D:6)
  3 bullfrogs
  2 scorpions
  A jelly (D:4)
  2 hounds (D:5)
  3 iguanas
  Terence (D:2)
  An orc wizard (D:4)
  Robin (D:2)
  7 gnolls
  11 adders
  A white imp (D:6)
  An ufetubus (D:5)
  3 worms
  3 dart slugs
  10 orcs
  4 endoplasms
  11 giant cockroaches
  12 goblins
  9 hobgoblins
  3 jackals (D:3)
  4 quokkas
  14 ball pythons
  2 bats
  6 frilled lizards
  6 kobolds
  4 rats
128 creatures vanquished.

Table legend:
 A = Non-vault XP
 B = Vault XP
 C = Vault XP percentage of total XP
 D = Non-vault monster count
 E = Vault monster count
 F = Vault count percentage of total count
                 A         B        C        D         E       F
            +---------+---------+-------+---------+---------+-------
      Total |    1299 |     326 |  20.1 |      91 |      37 |  28.9
            +---------+---------+-------+---------+---------+-------
        D:1 |      28 |       0 |   0.0 |      18 |       0 |   0.0
        D:2 |      45 |      71 |  61.2 |      13 |      12 |  48.0
        D:3 |     103 |       6 |   5.5 |      16 |       4 |  20.0
        D:4 |     166 |       0 |   0.0 |      20 |       0 |   0.0
        D:5 |     720 |       0 |   0.0 |      20 |       0 |   0.0
        D:6 |     237 |       0 |   0.0 |       4 |       0 |   0.0
      Sewer |       0 |     249 | 100.0 |       0 |      21 | 100.0
            +---------+---------+-------+---------+---------+-------

Skill      XL: |  1  2  3  4  5  6  7 |
---------------+----------------------+-----
Axes           | 3 4 5 6 8 9 |  9.3
Fighting       | 4 |  4.9
Dodging        | |  2.6
Shields        | |  3.0

Action                     |  1- 3 |  4- 6 |  7- 9 || total
---------------------------+-------+-------+-------++-------
  Melee: War axe           |    86 |   199 |   117 ||   402
         Tailslap          |     6 |    23 |    23 ||    52
Ability: Breathe Dispellin |       |       |     8 ||     8
  Evoke: Wand              |       |     6 |       ||     6
    Use: Potion            |       |     1 |     2 ||     3
         Scroll            |       |     2 |       ||     2
   Stab: Sleeping          |     1 |       |       ||     1
         Distracted        |       |     1 |       ||     1
 Armour: Skin              |    49 |   119 |    80 ||   248
  Dodge: Dodged            |    68 |   123 |    80 ||   271
  Block: Buckler           |    25 |    42 |    25 ||    92

Illustrated notes

Table legend:
 A = Kills in this place as a percentage of kills in the entire game.
 B = Kills by you in this place as a percentage of kills by you in the entire game.
 C = Kills by friends in this place as a percentage of kills by friends in the entire game.
 D = Other kills in this place as a percentage of other kills in the entire game.
 E = Experience gained in this place as a percentage of experience gained in the entire game.
 F = Experience gained in this place divided by the number of levels of this place that you have seen.
                   A       B       C       D       E      F
               +-------+-------+-------+-------+-------+----------------------
         Total | 100.0 | 100.0 |   N/A |   N/A | 100.0 | 232.1
       Dungeon |  83.6 |  83.6 |   N/A |   N/A |  84.7 | 229.3
         Sewer |  16.4 |  16.4 |   N/A |   N/A |  15.3 | 249.0
               +-------+-------+-------+-------+-------+----------------------

Table legend: (Time is in decaauts)
 A = Elapsed time spent in this place.
 B = Non-inter-level travel time spent in this place.
 C = Inter-level travel time spent in this place.
 D = Time resting spent in this place.
 E = Time spent auto-exploring this place.
 F = Levels seen in this place.
 G = Mean time per level.
                   A        B        C        D        E       F      G
               +--------+--------+--------+--------+--------+-----+--------+
         Total |   5317 |   5164 |    153 |    926 |   3159 |   7 |  759.6 |
       Dungeon |   4719 |   4566 |    153 |    737 |   2955 |   6 |  786.5 |
         Sewer |    598 |    598 |      0 |    189 |    203 |   1 |  598.0 |
               +--------+--------+--------+--------+--------+-----+--------+

Top non-repeatable levels by time:
     D:3: 1277 daAuts
     D:5: 1183 daAuts
     D:2: 773 daAuts
     D:4: 687 daAuts
   Sewer: 598 daAuts
     D:1: 468 daAuts
     D:6: 328 daAuts
